[Event "Titled Tuesday Blitz August 17 2021"]
[White "Poormosavi, Seyed Kian"]
[Black "Obolentseva, Alexandra"]
[WhiteFideId "12585807"]
[BlackFideId "24153648"]
[WhiteElo "2134"]
[BlackElo "2113"]
[Result "1-0"]
[Round "06"]
[TimeControl "180+1"]
[Date "2021.08.18"]
[WhiteClock "0:00:23"]
[BlackClock "0:00:17"]

1. e4 c5 2. Nf3 d6 3. Nc3 Nf6 4. Bc4 e6 5. O-O Be7 6. d3 O-O 7. Bg5 a6 8. a4 Nbd7 9. a5 Rb8 10. Qd2 h6 11. Bh4 d5 12. exd5 exd5 13. Bb3 d4 14. Na4 Ne4 15. Qf4 Bxh4 16. Nxh4 Ng5 17. Nf5 Qf6 18. Nb6 Nxb6 19. Qxb8 Bxf5 20. Qxb7 Nd7 21. Bc4 Ne5 22. Qxa6 Ngf3+ 23. gxf3 Nxf3+ 24. Kh1 Qe5 25. Kg2 Nh4+ 26. Kh1 Bh3 27. Qc6 Qf4 28. Bd5 Bg4 29. Rg1 Kh7 30. Rxg4 Qxg4 31. a6 f6 32. a7 f5 33. Bg2 Rc8 34. Qd5 f4 35. Qe4+ g6 36. h3 Qxg2+ 37. Qxg2 Nxg2 38. Kxg2 Ra8 39. Kf3 g5 40. Ke4 Kg6 41. Kd5 Kf5 42. Kxc5 h5 43. b4 g4 44. hxg4+ hxg4 45. b5 g3 46. fxg3 fxg3 47. b6 g2 48. Rg1 Rc8+ 49. Kxd4 Rd8+ 50. Kc5 Rc8+ 51. Kb5 Rxc2 52. a8=Q Rb2+ 53. Ka6 Ra2+ 54. Kb7 Rxa8 55. Kxa8 Ke5 56. Rxg2 Kd4 57. b7 Kxd3 58. b8=Q Ke3 59. Qg3+ Ke4 60. Rf2 Kd4 61. Rf4+ Kc5 62. Qg5+ Kd6 63. Rf6+ Kd7 64. Qg7+ Kd8 65. Rf8# 1-0


[Site "https://www.chess.com"]

[Event "Titled Tuesday Blitz August 17 2021"]
[White "Popilski, Gil"]
[Black "Sevian, Samuel"]
[WhiteFideId "2809060"]
[BlackFideId "2040506"]
[WhiteElo "2537"]
[BlackElo "2966"]
[Result "1-0"]
[Round "06"]
[TimeControl "180+1"]
[Date "2021.08.17"]
[WhiteClock "0:00:07"]
[BlackClock "0:00:12"]

1. e4 e5 2. Nf3 Nf6 3. d4 Nxe4 4. Bd3 d5 5. Nxe5 Nd7 6. Nxd7 Bxd7 7. O-O Bd6 8. c4 c6 9. cxd5 cxd5 10. Nc3 Nxc3 11. bxc3 O-O 12. Qh5 g6 13. Qxd5 Qc7 14. Bh6 Rfe8 15. c4 Bxh2+ 16. Kh1 Be6 17. Qg5 Bd6 18. Qf6 Bf8 19. Bxf8 Rxf8 20. d5 Bd7 21. Rae1 Rae8 22. Qd4 b6 23. d6 Qd8 24. c5 Bc6 25. cxb6 axb6 26. f3 Qd7 27. Bc2 Rd8 28. Rd1 Qa7 29. Bb3 Rd7 30. Rfe1 Rfd8 31. Qf6 Qa5 32. Bxf7+ Rxf7 33. Qxd8+ Kg7 34. Qh4 Ba4 35. Qd4+ Kg8 36. Rc1 Bc6 37. Re7 Bd7 38. Rxf7 Kxf7 39. Qf4+ Kg8 40. Qe3 Qf5 41. Rc7 Qb1+ 42. Kh2 Qf5 43. Qe7 Qf4+ 44. Kg1 Qd4+ 45. Kf1 Bb5+ 46. Ke1 Qg1+ 47. Kd2 Qd4+ 48. Kc1 Qa1+ 49. Kc2 Qxa2+ 50. Kc3 Qa3+ 51. Kd4 Qd3+ 52. Ke5 Qe3+ 53. Kd5 Qd3+ 54. Ke5 Qe3+ 55. Kd5 Qd2+ 56. Ke4 Bd3+ 57. Ke5 Qb2+ 58. Kd5 Qb3+ 59. Kd4 Qb4+ 60. Kxd3 Qb3+ 61. Kd4 Qb2+ 62. Kd5 Qb3+ 63. Kc6 Qa4+ 64. Kb7 Qd4 65. Kb8 Qg7 66. Rc8+ Qf8 67. Rxf8# 1-0


[Site "https://www.chess.com"]

[Event "Titled Tuesday Blitz August 17 2021"]
[White "Primbetov, Kazbek"]
[Black "Shkapenko, Pavel"]
[WhiteFideId "13702297"]
[BlackFideId "4151933"]
[WhiteElo "2184"]
[BlackElo "2386"]
[Result "1-0"]
[Round "06"]
[TimeControl "180+1"]
[Date "2021.08.17"]
[WhiteClock "0:00:03"]
[BlackClock "0:00:04"]

1. d4 Nf6 2. Bf4 e6 3. e3 c5 4. c3 cxd4 5. exd4 b6 6. Nd2 Bb7 7. Ngf3 d6 8. Bb5+ Bc6 9. Bd3 Be7 10. O-O O-O 11. h3 Nbd7 12. Re1 Re8 13. a4 a6 14. Qe2 Bf8 15. Bxa6 e5 16. dxe5 dxe5 17. Bg5 Nc5 18. Bb5 Bxb5 19. axb5 Rxa1 20. Rxa1 e4 21. Nd4 Qd6 22. Nc4 Qd8 23. Ra7 Nd3 24. Rb7 Qc8 25. Bxf6 Qxb7 26. Qg4 Qd5 27. Nxb6 h5 28. Nxd5 hxg4 29. Bg5 gxh3 30. b6 h2+ 31. Kxh2 Nxf2 32. b7 Bd6+ 33. Bf4 Bxf4+ 34. Nxf4 Rb8 35. b4 Rxb7 36. b5 Nd3 37. Nd5 Nc5 38. c4 g6 39. Kg3 f5 40. Kf4 Kf7 41. b6 Nd3+ 42. Ke3 Ke8 43. Nb3 Kd7 44. Kd4 Rb8 45. c5 Ne1 46. Na5 Nxg2 47. c6+ Kd6 48. c7 Re8 49. b7 Kd7 50. b8=Q Rxb8 51. cxb8=Q Ke6 52. Qe8+ Kd6 53. Qc6# 1-0


[Site "https://www.chess.com"]

[Event "Titled Tuesday Blitz August 17 2021"]
[White "Prydun, Andriy"]
[Black "Alhadad, Mahmoud"]
[WhiteFideId "14145898"]
[BlackFideId "11501863"]
[WhiteElo "2047"]
[BlackElo "1955"]
[Result "0-1"]
[Round "06"]
[TimeControl "180+1"]
[Date "2021.08.18"]
[WhiteClock "0:00:01"]
[BlackClock "0:00:20"]

1. d4 d5 2. Nc3 Nc6 3. Bf4 Bf5 4. f3 e6 5. g4 Bg6 6. h4 h5 7. g5 Bd6 8. Nh3 Nge7 9. e4 dxe4 10. fxe4 Bxf4 11. Nxf4 Qxd4 12. Qxd4 Nxd4 13. O-O-O O-O-O 14. Bc4 c6 15. Rhf1 b5 16. Bd3 Rhf8 17. Rf2 e5 18. Ng2 a6 19. a3 c5 20. Rdf1 c4 21. Be2 Kc7 22. Ne3 Kc6 23. Bd1 a5 24. Nf5 Bxf5 25. exf5 b4 26. Ne4 Nd5 27. Ng3 Ne3 28. Re1 Nxd1 29. Rxd1 f6 30. Rdf1 bxa3 31. bxa3 Nb5 32. gxf6 gxf6 33. Nxh5 Nxa3 34. Rg2 Rd4 35. Rg6 Rxh4 0-1


[Site "https://www.chess.com"]

[Event "Titled Tuesday Blitz August 17 2021"]
[White "Pultinevicius, Paulius"]
[Black "Gupta, Abhijeet"]
[WhiteFideId "12809390"]
[BlackFideId "5010608"]
[WhiteElo "2479"]
[BlackElo "2549"]
[Result "0-1"]
[Round "06"]
[TimeControl "180+1"]
[Date "2021.08.17"]
[WhiteClock "0:00:02"]
[BlackClock "0:00:26"]

1. d4 Nf6 2. c4 c6 3. Nc3 d5 4. e3 e6 5. Nf3 Nbd7 6. Qc2 Bd6 7. Be2 O-O 8. O-O dxc4 9. Bxc4 b5 10. Be2 Bb7 11. a3 a6 12. b4 e5 13. Rb1 Re8 14. Rd1 Qe7 15. h3 e4 16. Nd2 Nb6 17. Nb3 Bc8 18. Bb2 Bf5 19. Rdc1 h5 20. Nc5 h4 21. a4 Nbd5 22. Ba3 Nxc3 23. Qxc3 Nd5 24. Qe1 Bc7 25. Rc2 Qd6 26. Kf1 Qh2 27. Bg4 Bxg4 28. hxg4 Qh1+ 29. Ke2 Qxg2 30. Qg1 Qf3+ 31. Kd2 a5 32. bxa5 Bxa5+ 33. Kc1 b4 34. Bb2 h3 35. Ba1 Bc7 36. Kb2 b3 37. Rd2 h2 38. Qh1 Qxg4 39. Ka3 Bd6 40. Rxb3 Rxa4+ 41. Kb2 Bxc5 42. dxc5 Rea8 43. Kc2 Rxa1 44. Rb8+ Rxb8 45. Qxa1 Qf3 46. Qe5 h1=Q 47. Qxb8+ Kh7 0-1


[Site "https://www.chess.com"]

[Event "Titled Tuesday Blitz August 17 2021"]
[White "Quintiliano Pinto, Renato R."]
[Black "Volkov, Maksim"]
[WhiteFideId "2117568"]
[BlackFideId "54123070"]
[WhiteElo "2439"]
[BlackElo "2113"]
[Result "1-0"]
[Round "06"]
[TimeControl "180+1"]
[Date "2021.08.17"]
[WhiteClock "0:00:09"]
[BlackClock "0:00:14"]

1. Nf3 d5 2. d4 Nf6 3. c4 c6 4. Qc2 e6 5. g3 Bb4+ 6. Bd2 Bd6 7. Bg2 Ne4 8. O-O O-O 9. Bf4 Nd7 10. Bxd6 Nxd6 11. Nbd2 Qe7 12. e4 dxe4 13. Nxe4 Nf5 14. Rfe1 b6 15. Nc3 Qf6 16. Rad1 Bb7 17. Ne4 Qg6 18. c5 Rfd8 19. b4 a5 20. a3 axb4 21. axb4 bxc5 22. bxc5 Ba6 23. Ne5 Nxd4 24. Nxg6 Nxc2 25. Ne7+ Kf8 26. Nxc6 Nxe1 27. Nxd8 Nd3 28. c6 Rxd8 29. cxd7 Rxd7 30. Bf1 Ke7 31. Ra1 Bc4 32. Nd2 Bb5 33. Ra5 Bc6 34. Nc4 f6 35. f4 Nb4 36. Nb6 Rb7 37. Nc4 Bd5 38. Ne3 Be4 39. Ra4 h6 40. Nc4 Bd5 41. Na5 Rb8 42. Bc4 Kd6 43. Bxd5 Nxd5 44. Nc4+ Kc7 45. Nd2 Rb2 46. Ne4 f5 47. Nc5 Kd6 48. Nd3 Rb1+ 49. Kf2 g5 50. Ra6+ Nb6 51. Ne5 gxf4 52. gxf4 Kc5 53. Ra5+ Kd4 54. Nf3+ Ke4 55. Nd2+ Kxf4 56. Nxb1 e5 57. Ra6 Nd5 58. Rxh6 e4 59. Rh8 Nf6 60. Nc3 Ng4+ 61. Kg1 e3 62. Re8 Ne5 63. Ne2+ Ke4 64. Ng3+ Kf4 65. Nh5+ Ke4 66. Kf1 Kd4 67. Ke2 Ng4 68. Rd8+ Ke4 69. h3 Ne5 70. Nf6+ Kf4 71. Rd4+ Kg5 72. Nd5 f4 73. Nxf4 Nc6 74. Ra4 Ne7 75. Nd3 Nf5 76. Ra5 Kf6 77. Nf4 Nh4 78. Kxe3 Nf5+ 79. Kf3 Ne7 80. Kg4 Ng8 81. Ra6+ Ke7 82. Nd5+ Kf7 83. Kg5 Kg7 84. Rg6+ Kh8 85. h4 Ne7 86. Rh6+ Kg7 87. Nxe7 Kf7 88. Nf5 Kg8 89. Ra6 Kh8 90. Ra8+ Kh7 91. Ra7+ Kg8 92. Kf6 Kh8 93. Kg6 Kg8 94. Ra8# 1-0


[Site "https://www.chess.com"]

[Event "Titled Tuesday Blitz August 17 2021"]
[White "Rakhmanov, Aleksandr"]
[Black "Agibileg, Uurtsaikh"]
[WhiteFideId "4173708"]
[BlackFideId "4901606"]
[WhiteElo "2498"]
[BlackElo "2150"]
[Result "1-0"]
[Round "06"]
[TimeControl "180+1"]
[Date "2021.08.17"]
[WhiteClock "0:00:54"]
[BlackClock "0:00:41"]

1. c4 Nf6 2. Nc3 g6 3. d4 Bg7 4. e4 d6 5. h3 O-O 6. Be3 e5 7. d5 Na6 8. g4 Nc5 9. f3 c6 10. Qd2 a5 11. Nge2 cxd5 12. cxd5 Bd7 13. Ng3 h5 14. Bg5 Qb6 15. gxh5 a4 16. h4 a3 17. b3 Qb4 18. h6 Bh8 19. Nb5 Qxd2+ 20. Kxd2 Bxb5 21. Bxb5 Nh7 22. Be7 Rfd8 23. b4 Na6 24. Bxd8 Rxd8 25. Bxa6 bxa6 26. Rac1 Bf6 27. Rc6 Be7 28. Rxa6 Rb8 29. Kc3 Nf6 30. Rxa3 Ne8 31. Ra7 Bd8 32. a4 Bb6 33. h7+ Kxh7 34. Rxf7+ Kg8 35. Re7 Kf8 36. Re6 Kf7 37. h5 gxh5 38. Rxh5 Bd4+ 39. Kb3 Rc8 40. Rf5+ Kg7 41. Nh5+ Kg8 42. Rxe8+ Rxe8 43. Nf6+ 1-0


[Site "https://www.chess.com"]

[Event "Titled Tuesday Blitz August 17 2021"]
[White "Real De Azua, Ernesto"]
[Black "Mekhitarian, Krikor Sevag"]
[WhiteFideId "108154"]
[BlackFideId "2107660"]
[WhiteElo "2476"]
[BlackElo "2598"]
[Result "0-1"]
[Round "06"]
[TimeControl "180+1"]
[Date "2021.08.17"]
[WhiteClock "0:00:02"]
[BlackClock "0:00:08"]

1. Nf3 d5 2. e3 Nc6 3. d4 Bg4 4. Bb5 Qd6 5. Nbd2 Nf6 6. c4 dxc4 7. O-O e6 8. Nxc4 Qd5 9. Bxc6+ Qxc6 10. Nce5 Bxf3 11. Qxf3 Qxf3 12. Nxf3 c5 13. dxc5 Bxc5 14. Bd2 Ne4 15. Rfc1 Ke7 16. Be1 Rac8 17. Kf1 Rhd8 18. Ke2 f6 19. Rc4 Nd6 20. Rc2 Bb6 21. Rac1 Rxc2+ 22. Rxc2 e5 23. Bb4 Ke6 24. Bxd6 Rxd6 25. Nd2 f5 26. Rc8 Rd8 27. Rxd8 Bxd8 28. e4 g6 29. f3 Bb6 30. Nc4 Bd4 31. a4 a6 32. b3 Kd7 33. Kd3 f4 34. Nd2 Kc6 35. Kc4 b5+ 36. axb5+ axb5+ 37. Kd3 Kc5 38. Kc2 Bg1 39. h3 Kd4 40. Nf1 Bf2 41. Kd2 Bh4 42. Kc2 Be7 43. Kd2 Bb4+ 44. Kc2 Ba5 45. Nh2 h5 46. Nf1 Bb4 47. Kc1 Kd3 48. Kd1 Ba5 49. Kc1 Ke2 50. Nh2 Kf2 0-1


[Site "https://www.chess.com"]

[Event "Titled Tuesday Blitz August 17 2021"]
[White "Rodchenkov, Sergey D."]
[Black "Kislov, Oleg"]
[WhiteFideId "4168712"]
[BlackFideId "13503774"]
[WhiteElo "2306"]
[BlackElo "2252"]
[Result "1-0"]
[Round "06"]
[TimeControl "180+1"]
[Date "2021.08.18"]
[WhiteClock "0:00:15"]
[BlackClock "0:00:07"]

1. e4 c5 2. Nf3 Nc6 3. d4 cxd4 4. Nxd4 e5 5. Nb5 d6 6. c4 Be7 7. N1c3 a6 8. Na3 f5 9. exf5 Nf6 10. Be2 Bxf5 11. O-O O-O 12. Bg5 Nd4 13. Bxf6 Bxf6 14. Nd5 Rc8 15. Bd3 e4 16. Bb1 Nf3+ 17. gxf3 Bxb2 18. fxe4 Bh3 19. Qh5 Bxf1 20. e5 h6 21. f4 Rxf4 22. Nxf4 Qg5+ 23. Qxg5 hxg5 24. Nd5 Rf8 25. Bh7+ Kxh7 26. Rxf1 Rxf1+ 27. Kxf1 Bxa3 28. e6 Kg6 29. Ke2 b5 30. cxb5 axb5 31. Kf3 Bc5 32. Ke4 Ba3 33. Nc7 Bc5 34. e7 d5+ 35. Nxd5 Kf7 36. Nc7 Bxe7 37. Nxb5 Kg6 38. a4 Kh5 39. Kf3 Bd8 40. Nd6 g4+ 41. Kg2 Bc7 42. Ne8 Be5 43. a5 Kg6 44. a6 Bb8 45. Nc7 Kg5 46. Nd5 g3 47. hxg3 Kg4 48. Ne3+ Kg5 49. Nc4 Kg4 50. Ne3+ Kg5 51. Nc2 Ba7 52. Nb4 Kf6 53. Nc6 Bb6 54. a7 Bxa7 55. Nxa7 1-0


[Site "https://www.chess.com"]

[Event "Titled Tuesday Blitz August 17 2021"]
[White "Rodchenkov, Vitaly"]
[Black "Maevsky, Nikolay"]
[WhiteFideId "4152964"]
[BlackFideId "4198220"]
[WhiteElo "2337"]
[BlackElo "2213"]
[Result "1-0"]
[Round "06"]
[TimeControl "180+1"]
[Date "2021.08.18"]
[WhiteClock "0:00:09"]
[BlackClock "0:00:03"]

1. e4 g6 2. d4 Bg7 3. Nf3 d6 4. c3 Nd7 5. Bd3 Ngf6 6. O-O e5 7. Re1 c6 8. Bg5 O-O 9. Nbd2 Qc7 10. a4 h6 11. Bh4 Re8 12. dxe5 dxe5 13. Qc2 Nh5 14. Bf1 Nf8 15. Nc4 Bg4 16. Nfd2 Bd7 17. b4 Nf4 18. f3 h5 19. a5 Nh7 20. Bf2 Bf8 21. Nb3 Ng5 22. Nc5 Bc8 23. Red1 Nge6 24. Nb3 Ng5 25. h4 Nh7 26. Nc5 Nf6 27. Kh2 Nd7 28. Nb3 Nf6 29. g3 Ne6 30. Bh3 Ng7 31. Bf1 Ne6 32. Be3 Be7 33. Qf2 Qb8 34. Rd2 Nf8 35. Rad1 Be6 36. Nc5 Bc8 37. Nd6 Bxd6 38. Rxd6 Be6 39. Bg5 N6h7 40. Nxe6 Nxe6 41. Be3 Nhf8 42. Bc4 Qc8 43. Bxa7 Qc7 44. Bb6 Qe7 45. Bf1 Qf6 46. Bh3 Qg7 47. Kg2 g5 48. hxg5 Qxg5 49. Be3 Qg7 50. Kh2 Rac8 51. Bf5 Rc7 52. Bb6 Rce7 53. Be3 Rc7 54. Qg2 Ng5 55. Kg1 Nfe6 56. Kf2 Rcc8 57. Rd7 Rcd8 58. Qh2 Rxd7 59. Rxd7 Qh6 60. Qh4 f6 61. Rd6 Kf7 62. Rd7+ Re7 63. Rxe7+ Kxe7 64. f4 exf4 65. gxf4 Nxe4+ 66. Bxe4 Qg7 67. Bf3 Kd6 68. Qxh5 f5 69. Qxf5 Qxc3 70. Qe5+ Qxe5 71. fxe5+ Kxe5 72. a6 bxa6 73. Bxc6 Kd6 74. Be4 Ke5 75. Bd3 Nc7 76. Bb6 Nd5 77. Bc5 Nxb4 78. Bxb4 Kd4 79. Bxa6 Kd5 80. Be2 Kd4 81. Bd2 Ke4 82. Be3 Kd5 83. Bd3 Kd6 84. Kf3 Kd5 85. Be4+ Kc4 86. Kf4 Kc3 87. Ke5 Kc4 88. Kd6 Kc3 89. Kc5 Kb3 90. Kd4 Kb4 91. Bd5 Kb5 92. Bd2 Kb6 93. Bb4 Kc7 94. Bc5 Kc8 95. Ke5 Kc7 96. Ke6 Kc8 97. Kd6 Kb8 98. Kc6 Ka8 99. Kc7# 1-0


[Site "https://www.chess.com"]

[Event "Titled Tuesday Blitz August 17 2021"]
[White "Rodriguez Hernandez, Luis Daniel"]
[Black "Alekseenko, Kirill"]
[WhiteFideId "3506770"]
[BlackFideId "4135539"]
[WhiteElo "2133"]
[BlackElo "2580"]
[Result "0-1"]
[Round "06"]
[TimeControl "180+1"]
[Date "2021.08.17"]
[WhiteClock "0:00:11"]
[BlackClock "0:00:55"]

1. e4 e5 2. Nf3 Nc6 3. Bc4 Bc5 4. b4 Bxb4 5. c3 Ba5 6. d4 d6 7. dxe5 Nge7 8. Ng5 Nxe5 9. Nxf7 Nxf7 10. Bxf7+ Kxf7 11. Qh5+ Ng6 12. Qxa5 Re8 13. Qd5+ Be6 14. Qxb7 Rb8 15. Qxa7 Bc4 16. Nd2 Bd3 17. Qe3 Ba6 18. c4 Qf6 19. Rb1 Rxb1 20. Nxb1 Bxc4 21. Nd2 Ba6 22. Qb3+ Kf8 23. Bb2 Qg5 24. Qf3+ Kg8 25. h4 Qa5 26. Qc3 Qxc3 27. Bxc3 Nf4 28. f3 Nxg2+ 29. Kf2 Nf4 30. Rb1 h5 31. Bd4 Rf8 32. Be3 Nd3+ 33. Kg3 Ne5 34. Rb4 Be2 35. f4 Ng4 36. Bg1 Ra8 37. a4 c5 38. Rb6 c4 39. Rxd6 Rxa4 40. Bd4 Ra3+ 41. Kg2 c3 42. Nb1 c2 43. Rd8+ Kh7 44. Nxa3 c1=Q 45. Rd7 Qf1+ 46. Kg3 Qf3# 0-1


[Site "https://www.chess.com"]

[Event "Titled Tuesday Blitz August 17 2021"]
[White "Rozhkov, Viacheslav"]
[Black "Goryachkina, Aleksandra"]
[WhiteFideId "4181484"]
[BlackFideId "4147103"]
[WhiteElo "2324"]
[BlackElo "2441"]
[Result "0-1"]
[Round "06"]
[TimeControl "180+1"]
[Date "2021.08.17"]
[WhiteClock "0:00:33"]
[BlackClock "0:00:37"]

1. e4 c5 2. Nf3 e6 3. d4 cxd4 4. Nxd4 a6 5. Nc3 Qc7 6. g3 Nc6 7. Bg2 h5 8. O-O h4 9. Nxc6 bxc6 10. Re1 e5 11. Be3 d6 12. Na4 Rb8 13. c4 c5 14. Nc3 hxg3 15. hxg3 Ne7 16. Qd2 Be6 17. Rad1 Ng6 18. Nd5 Bxd5 19. exd5 Be7 20. Be4 Nf8 21. Kg2 g6 22. Rh1 Rxh1 23. Rxh1 f5 24. Bc2 Bf6 25. Ba4+ Kf7 26. Bg5 Qe7 27. Bxf6 Qxf6 28. Qa5 Rxb2 29. Qc7+ Qe7 30. Bd7 Kg7 0-1


[Site "https://www.chess.com"]

[Event "Titled Tuesday Blitz August 17 2021"]
[White "Rustemov, Alexander"]
[Black "Seul, Georg"]
[WhiteFideId "4119002"]
[BlackFideId "4601653"]
[WhiteElo "2700"]
[BlackElo "2332"]
[Result "0-1"]
[Round "06"]
[TimeControl "180+1"]
[Date "2021.08.17"]
[WhiteClock "0:00:07"]
[BlackClock "0:00:25"]

1. d4 Nf6 2. Nf3 e6 3. c4 Bb4+ 4. Bd2 a5 5. g3 d6 6. Bg2 Nbd7 7. O-O e5 8. Bc1 exd4 9. Nxd4 O-O 10. b3 Re8 11. Bb2 Ne5 12. h3 Bc5 13. Nc3 c6 14. e3 h5 15. Qd2 Bxh3 16. Bxh3 Bxd4 17. Bg2 Bc5 18. Rad1 h4 19. gxh4 Nfg4 20. Ne4 Qxh4 21. Rfe1 Re6 22. Nxc5 dxc5 23. Qe2 Qh2+ 24. Kf1 Rg6 25. Bxe5 Nxe5 26. f4 Ng4 27. Qf3 Qh4 28. Ke2 Re8 29. Kd2 Nf2 30. Rb1 Ne4+ 31. Kc2 Qf6 32. Rbd1 Qc3+ 33. Kb1 Nd2+ 34. Rxd2 Qxd2 35. Re2 Qd3+ 36. Kb2 Rd6 37. a4 Qd1 38. Qf2 Red8 39. Be4 Rd2+ 40. Bc2 Qxc2+ 0-1


[Site "https://www.chess.com"]

[Event "Titled Tuesday Blitz August 17 2021"]
[White "Sahil, Tickoo"]
[Black "Schut, Han"]
[WhiteFideId "5019710"]
[BlackFideId "1005561"]
[WhiteElo "2099"]
[BlackElo "2057"]
[Result "1-0"]
[Round "06"]
[TimeControl "180+1"]
[Date "2021.08.18"]
[WhiteClock "0:00:08"]
[BlackClock "0:00:20"]

1. d4 Nf6 2. Bf4 d5 3. e3 e6 4. Nd2 Bd6 5. Bg3 b6 6. Ngf3 Bb7 7. Bd3 Ne4 8. c3 Nd7 9. Qe2 O-O 10. a3 Qe7 11. O-O Nxg3 12. hxg3 e5 13. dxe5 Nxe5 14. Nxe5 Bxe5 15. Qh5 g6 16. Qh4 Qxh4 17. gxh4 c5 18. h5 Kg7 19. hxg6 hxg6 20. Be2 Rh8 21. g3 Rh7 22. Bf3 Rd8 23. Rad1 Ba6 24. Rfe1 g5 25. Kg2 f5 26. Be2 Bb7 27. Rh1 Rxh1 28. Rxh1 g4 29. Rd1 d4+ 30. Kf1 dxc3 31. bxc3 Bxc3 32. Nc4 Rh8 33. Rd7+ Kf6 34. Rxb7 b5 35. Rxb5 Rh1+ 36. Kg2 Rc1 37. Na5 Rc2 38. Bd3 Be1 39. Bxc2 1-0


[Site "https://www.chess.com"]

[Event "Titled Tuesday Blitz August 17 2021"]
[White "Sarana, Alexey"]
[Black "Timmermans, Mark"]
[WhiteFideId "24133795"]
[BlackFideId "1026399"]
[WhiteElo "2646"]
[BlackElo "2460"]
[Result "1/2-1/2"]
[Round "06"]
[TimeControl "180+1"]
[Date "2021.08.17"]
[WhiteClock "0:00:03"]
[BlackClock "0:01:08"]

1. d4 d5 2. c4 dxc4 3. Nf3 Nf6 4. e3 a6 5. Bxc4 e6 6. O-O b5 7. Be2 Bb7 8. a4 b4 9. b3 Nbd7 10. Nbd2 a5 11. Bb2 Be7 12. Ne5 O-O 13. Ndc4 c5 14. Bf3 Nd5 15. Rc1 Nxe5 16. Nxe5 Rc8 17. dxc5 Bxc5 18. Qe2 Bd6 19. Qb5 Nc3 20. Bxc3 Bxf3 21. Bd4 Bd5 22. Nc4 Bxh2+ 23. Kxh2 Qh4+ 24. Kg1 Bxg2 25. Kxg2 Qg4+ 26. Kh2 Qh4+ 27. Kg2 Qg4+ 28. Kh2 Qh4+ 29. Kg1 Qg4+ 30. Kh1 Qh4+ 31. Kg1 Qg4+ 32. Kh1 Qh4+ 33. Kg1 1/2-1/2


[Site "https://www.chess.com"]

[Event "Titled Tuesday Blitz August 17 2021"]
[White "Shahaliyev, Ismayil"]
[Black "Kuzubov, Yuriy"]
[WhiteFideId "13406388"]
[BlackFideId "14112906"]
[WhiteElo "2105"]
[BlackElo "2564"]
[Result "0-1"]
[Round "06"]
[TimeControl "180+1"]
[Date "2021.08.17"]
[WhiteClock "0:01:13"]
[BlackClock "0:00:22"]

1. Nf3 d5 2. g3 Bg4 3. Bg2 Nd7 4. O-O c6 5. c4 e6 6. d4 Ngf6 7. Nc3 Be7 8. b3 O-O 9. Bb2 a6 10. c5 Re8 11. b4 Bxf3 12. Bxf3 e5 13. e3 e4 14. Bg2 Nf8 15. a4 h5 16. b5 a5 17. Ne2 h4 18. Bc3 Qd7 19. Nf4 g5 20. Nh3 g4 21. Nf4 h3 22. Bh1 cxb5 23. axb5 Qxb5 24. Nxd5 Nxd5 25. Qxg4+ Ng6 26. Bxe4 Nf6 27. Qf3 Nxe4 28. Qxe4 Qc4 29. Rfc1 Bxc5 30. Qf5 Bf8 31. Qxh3 a4 32. Qd7 Re7 33. Qf5 Qe6 34. Qd3 Qe4 35. Qb5 a3 36. Bb4 Re6 37. Bxf8 Nxf8 38. Rc5 a2 39. Qc4 Qb1+ 40. Qc1 Qxc1+ 41. Rcxc1 Rb6 42. d5 Rb2 43. Kg2 b5 44. e4 b4 45. d6 b3 46. Rc3 Rb1 0-1


[Site "https://www.chess.com"]

[Event "Titled Tuesday Blitz August 17 2021"]
[White "Shapiro, David"]
[Black "Ibrahimli, Murad"]
[WhiteFideId "24133523"]
[BlackFideId "13410229"]
[WhiteElo "2234"]
[BlackElo "2109"]
[Result "0-1"]
[Round "06"]
[TimeControl "180+1"]
[Date "2021.08.17"]
[WhiteClock "0:00:01"]
[BlackClock "0:00:12"]

1. d4 Nf6 2. Bf4 e6 3. e3 Bd6 4. Bg3 O-O 5. Nc3 Bb4 6. Bd3 c5 7. Ne2 d5 8. a3 Bxc3+ 9. Nxc3 cxd4 10. exd4 Nc6 11. O-O Ne8 12. Ne2 Nd6 13. c3 b6 14. Qd2 a5 15. Qf4 Nf5 16. Bxf5 exf5 17. Bh4 f6 18. Bg3 Ra7 19. h4 Re7 20. Rfe1 Rfe8 21. Qd2 a4 22. Nf4 Na5 23. Rxe7 Rxe7 24. Nd3 Nb3 25. Qd1 Nxa1 26. Qxa1 Ba6 27. Nb4 Bb5 28. Qd1 Qd7 29. Qf3 Bc4 30. Qf4 Re8 31. Nc2 g6 32. Ne3 b5 33. h5 g5 34. Qxf5 Qxf5 35. Nxf5 Re2 36. Bd6 Kf7 37. Bb4 Rxb2 38. Ne3 Ke6 39. g4 Bd3 40. Kg2 Be4+ 41. Kg3 Rb1 42. Bc5 f5 43. gxf5+ Bxf5 44. Bb4 Be4 45. Kg4 Rg1+ 46. Kh3 Kf6 47. Ng4+ Kg7 48. Bd6 Bf5 49. f3 Bxg4+ 50. fxg4 Kf6 51. Bc5 Ke6 52. Bb4 Kd7 53. Bc5 Kc6 54. Bb4 Kb7 55. Bc5 b4 56. Bxb4 Kc6 57. Bc5 Kb5 58. Bb4 Kc4 59. h6 Kb3 60. Be7 Kxc3 61. Bxg5 Kxd4 0-1


[Site "https://www.chess.com"]

[Event "Titled Tuesday Blitz August 17 2021"]
[White "Shimelkov, Vasiliy"]
[Black "Terry, Renato"]
[WhiteFideId "13701630"]
[BlackFideId "3803457"]
[WhiteElo "2073"]
[BlackElo "2581"]
[Result "0-1"]
[Round "06"]
[TimeControl "180+1"]
[Date "2021.08.17"]
[WhiteClock "0:00:02"]
[BlackClock "0:00:07"]

1. d4 e6 2. c4 Bb4+ 3. Bd2 Qe7 4. Nf3 Nf6 5. g3 Nc6 6. Bg2 Bxd2+ 7. Nbxd2 d6 8. O-O O-O 9. e4 e5 10. d5 Nb8 11. Ne1 a5 12. Nd3 Na6 13. b3 Nc5 14. Qe2 b6 15. a3 Bg4 16. f3 Bd7 17. f4 Nxd3 18. Qxd3 g6 19. b4 exf4 20. gxf4 axb4 21. axb4 Nh5 22. Rxa8 Rxa8 23. Qd4 Qh4 24. e5 Re8 25. Nf3 Qxf4 26. exd6 Qxd4+ 27. Nxd4 cxd6 28. Nc6 g5 29. Ra1 Nf4 30. Ra7 Re1+ 31. Kf2 Re2+ 32. Kf3 Be8 33. Bf1 Rxh2 34. Ne7+ Kf8 35. Nf5 Rh1 36. Bg2 Rg1 37. Nxd6 Rxg2 38. Ra8 Re2 39. c5 bxc5 40. bxc5 Re5 41. c6 Nxd5 42. Rc8 Re6 43. Nxe8 Rxe8 44. Rxe8+ Kxe8 45. Ke4 Nc7 0-1


[Site "https://www.chess.com"]

[Event "Titled Tuesday Blitz August 17 2021"]
[White "Silich, Yahor"]
[Black "Kalghatgi, Nikhil"]
[WhiteFideId "13513656"]
[BlackFideId "2056496"]
[WhiteElo "2142"]
[BlackElo "1994"]
[Result "1-0"]
[Round "06"]
[TimeControl "180+1"]
[Date "2021.08.18"]
[WhiteClock "0:00:40"]
[BlackClock "0:00:53"]

1. e4 c6 2. d4 d5 3. exd5 cxd5 4. Bd3 Nc6 5. c3 g6 6. h3 Bg7 7. Nf3 Bf5 8. Bxf5 gxf5 9. O-O e6 10. Re1 Qc7 11. Na3 Nge7 12. Nc2 O-O-O 13. Re2 h5 14. Nce1 Bh6 15. Nd3 Rdg8 16. Bxh6 Rxh6 17. Qd2 Rhg6 18. Nf4 R6g7 19. Nh4 Rg5 20. Rae1 Kb8 21. g3 Nc8 22. Nf3 R5g7 23. Nxh5 Rg6 24. Ne5 Nxe5 25. dxe5 Nb6 26. b3 Nd7 27. b4 Nb6 28. Nf4 R6g7 29. Kh2 Nc4 30. Qd4 Rh8 31. a4 Qd8 32. a5 Qg5 33. b5 Rgh7 34. Kg2 Nxa5 35. b6 a6 36. Qc5 Nc4 37. Qc7+ Ka8 38. Ra1 f6 39. Rxa6+ bxa6 40. b7+ 1-0


[Site "https://www.chess.com"]

[Event "Titled Tuesday Blitz August 17 2021"]
[White "Skliarov, Viktor"]
[Black "Khodzhamkuliev, Bahadur"]
[WhiteFideId "14106736"]
[BlackFideId "24135046"]
[WhiteElo "2281"]
[BlackElo "2130"]
[Result "1/2-1/2"]
[Round "06"]
[TimeControl "180+1"]
[Date "2021.08.17"]
[WhiteClock "0:00:13"]
[BlackClock "0:00:11"]

1. e4 Nc6 2. Nc3 d6 3. d4 g6 4. Be3 Bg7 5. Nge2 e5 6. f3 Nf6 7. d5 Ne7 8. g4 h5 9. g5 Nh7 10. h4 O-O 11. Qd2 c5 12. a4 a6 13. a5 b5 14. axb6 Qxb6 15. Na4 Qc7 16. Nec3 Bd7 17. b3 Rfb8 18. Nb2 a5 19. Nc4 Rb4 20. Bh3 Bxh3 21. Rxh3 Nf8 22. Kf2 Nc8 23. Rhh1 Nb6 24. Nxa5 Rd4 25. Qe2 Rxa5 26. Rxa5 Nxd5 27. Nxd5 Qxa5 28. Bxd4 exd4 29. Nf6+ Bxf6 30. gxf6 Ne6 31. Qe1 Qc7 32. e5 dxe5 33. Qe4 Nf4 34. Ra1 Qd6 35. Ra8+ Kh7 1/2-1/2


[Site "https://www.chess.com"]